 Dungeon Sprint DCSS version 0.21-a0-264-g3e31e41 (webtiles) character file.

3731 Kidiri the Covert (level 9, -9/46 HPs)
             Began as a Spriggan Enchanter on Sept 8, 2017.
             Was a Believer of Dithmenos.
             Mangled by a death yak (25 damage)
             ... in the Dungeon (Sprint II: "The Violet Keep of Menkaure").
             The game lasted 00:10:12 (1258 turns).

Kidiri the Covert (Spriggan Enchanter)              Turns: 1258, Time: 00:10:13

Health: -9/46      AC:  2    Str:  4    XL:     9   Next: 92%
Magic:  1/24       EV: 31    Int: 22    God:    Dithmenos [**....]
Gold:   529        SH:  0    Dex: 21    Spells: 7/29 levels left

rFire    . . .     SeeInvis +   a - +1 dagger
rCold    . . .     Gourm    .   (shield restricted)
rNeg     . . .     Faith    .   b - +0 robe
rPois    .         Spirit   .   (helmet restricted)
rElec    .         Reflect  .   (no cloak)
rCorr    .         Harm     .   (gloves unavailable)
MR       +....     NoTele   +   (boots unavailable)
Stlth    ++++++++..             (no amulet)
HPRegen  0.15/turn              k - +3 ring of dexterity
MPRegen  0.19/turn              l - +4 ring of intelligence

@: wreathed by umbra, very quick
A: unfitting armour, see invisible, herbivore 3, speed 3, slow metabolism 2
a: Shadow Step, Renounce Religion


You were in the Dungeon.
You worshipped Dithmenos.
Dithmenos was pleased with you.
You were not hungry.

You visited 1 branch You collected 1304 gold pieces.
You spent 775 gold pieces at shops.

Inventory:

Hand Weapons
 a - a +1 dagger (weapon)
Armour
 b - a +0 robe (worn)
Jewellery
 k - a +3 ring of dexterity (left hand)
 l - a +4 ring of intelligence (right hand)
Wands
 h - a wand of scattershot (6/9)
Scrolls
 c - a scroll of identify {unknown}
 j - a scroll of blinking
Potions
 g - a potion of haste
 i - a potion of berserk rage
Comestibles
 d - 2 bread rations


   Skills:
 + Level 4.8 Fighting
 * Level 9.9 Short Blades
 + Level 4.5 Armour
 * Level 12.5 Dodging
 * Level 14.1 Stealth
 * Level 10.9 Spellcasting
 + Level 4.0 Conjurations
 + Level 8.0 Hexes
 + Level 2.9 Summonings
 + Level 5.1 Translocations
 + Level 4.4 Ice Magic
 + Level 3.1 Air Magic
 + Level 3.4 Poison Magic


You had 7 spell levels left.
You knew the following spells:

 Your Spells              Type           Power        Failure   Level  Hunger
a - Corona                Hex            #####..      1%          1    None
b - Ensorcelled Hibernat  Hex/Ice        #####.       1%          2    None
c - Confuse               Hex            #####...     1%          3    None
d - Tukima's Dance        Hex            #####...     1%          3    None
e - Dazzling Spray        Conj/Hex       #####.       1%          3    None
f - Mephitic Cloud        Conj/Pois/Air  ####....     3%          3    None
g - Slow                  Hex            #####...     1%          2    None
h - Blink                 Tloc           N/A          1%          2    None
i - Call Imp              Summ           ####....     2%          2    None
j - Magic Dart            Conj           ####         1%          1    None


Dungeon Overview and Level Annotations

Branches:
Dungeon (1/1)

Altars:
Cheibriados
Dithmenos
Elyvilon
Fedhas
Gozag
Hepliaklqana
Kikubaaqudgha
Makhleb
Nemelex Xobeh
Okawaru
Qazlal
Ru
Sif Muna
Trog
Uskayaw
Vehumet
Wu Jian
Xom
Yredelemnul
Zin
The Shining One
Beogh
Jiyva
Lugonu

Shops:
D !%::=[=:!}%?[[*(

Annotations:
D exclusions: death drake, oklob plant and swamp drake


Innate Abilities, Weirdness & Mutations

You are very small and have problems with some larger weapons.
You are too small for most types of armour.
You have supernaturally acute eyesight. (SInv)
You are a herbivore.
You cover ground extremely quickly.
You need consume almost no food.


Message History

You choke on the stench!
You are more confused.
* * * LOW HITPOINT WARNING * * *
The death yak misses you.
Your crimson imp hits the death yak but does no damage.
Are you sure you want to stumble around while confused and next to your crimson imp? [Y]es or [N]o only, please.
Are you sure you want to stumble around while confused and next to your crimson imp? [Y]es or [N]o only, please.
Are you sure you want to stumble around while confused and next to your crimson imp?
You bump into the stone wall.
The death yak completely misses you.
Your crimson imp blinks!
You hit the death yak but do no damage.
The death yak is lightly wounded.
The death yak completely misses you.
A death yak is nearby!
Unknown command.
You feel better. The death yak gores you!!
Ouch! That really hurt!
You die... ;;§§§##≈...### ;;§ #e§.....# #+++#####(^..# ## .....#.[+...(# .# +##..#.:####.# k# ..##.####..+.##k# #..#....#..#...#### ..####..#####..##.# !=?[(

+###.##..#..+..#@.#▓?$($$
.##...#..#).#^.#Y§#▓)?[([
<%÷##.+..####..##.#▓[()[[
.##...#....###...##▓▓▓▓▓▓
+###.##......≈≈≈≈≈≈≈≈≈≈Y≈
#.####≈≈.....≈#+########+
#..#≈≈§≈≈≈≈..≈#(...._._#≈
.###≈≈≈≈§§≈≈.≈#...._._.#§
+##≈≈≈≈§§§≈≈≈≈#..._._._#≈


You could see a death yak.

Vanquished Creatures
  A great orb of eyes (D)
  2 unseen horrors (D)
  A merfolk siren (D)
  A yaktaur (D)
  3 polar bears (D)
  A hornet (D)
  A vampire mosquito (D)
  4 necrophages (D)
  A crocodile (D)
  4 worker ants (D)
  3 worms (D)
22 creatures vanquished.

Vanquished Creatures (others)
  Menkaure (D)
  A crocodile (D)
2 creatures vanquished.

Grand Total: 24 creatures vanquished

Notes
Turn   | Place    | Note
-------+----------+-------------------------------------------
     0 | D        | Kidiri the Spriggan Enchanter began the quest for the Orb.
     0 | D        | Reached XP level 1. HP: 9/9 MP: 5/5
     1 | D        | Noticed a worker ant
     1 | D        | Noticed a worker ant
     1 | D        | Noticed a worker ant
     1 | D        | Noticed a worker ant
     9 | D        | Reached skill level 5 in Stealth
    16 | D        | Found Igrud's Antique Armour Shop.
    16 | D        | Found Hagih's Gadget Boutique.
    16 | D        | Found Caish's Antique Weapon Shop.
    16 | D        | Found Xaesac's Food Boutique.
    16 | D        | Found Xosops's Antique Armour Boutique.
    16 | D        | Found Sugyikh's General Store.
    17 | D        | Found Hioptukya's Magic Scroll Shop.
    17 | D        | Found Xoamubuf's Distillery.
    17 | D        | Found Luroaryn's Book Shop.
    19 | D        | Reached XP level 2. HP: 14/14 MP: 5/7
    31 | D        | Killed a crocodile
    35 | D        | Learned a level 2 spell: Ensorcelled Hibernation
    49 | D        | Reached skill level 1 in Fighting
    49 | D        | Reached skill level 1 in Armour
    49 | D        | Reached skill level 6 in Stealth
    49 | D        | Reached XP level 3. HP: 18/18 MP: 1/9
    52 | D        | Noticed Menkaure
    56 | D        | Reached skill level 5 in Dodging
    62 | D        | Reached skill level 7 in Stealth
    62 | D        | Reached skill level 5 in Spellcasting
    62 | D        | Reached XP level 4. HP: 23/23 MP: 7/12
    94 | D        | Killed Menkaure
   114 | D        | Learned a level 3 spell: Confuse
   118 | D        | Learned a level 3 spell: Tukima's Dance
   122 | D        | Learned a level 3 spell: Dazzling Spray
   321 | D        | Noticed a merfolk siren
   327 | D        | Killed a merfolk siren
   327 | D        | Reached skill level 10 in Stealth
   327 | D        | Reached skill level 5 in Hexes
   327 | D        | Reached XP level 5. HP: 18/28 MP: 3/16
   327 | D        | Reached XP level 6. HP: 21/32 MP: 3/17
   443 | D        | Reached XP level 7. HP: 36/36 MP: 12/19
   459 | D        | Reached skill level 11 in Stealth
   563 | D        | Reached skill level 10 in Dodging
   592 | D        | Noticed a vampire mosquito
   599 | D        | Killed a vampire mosquito
   607 | D        | Found Cebam's Jewellery Shop.
   607 | D        | Found Kyatuenn's Antique Armour Boutique.
   608 | D        | Noticed a slime creature
   611 | D        | Noticed a slime creature
   612 | D        | Found Weng's Jewellery Boutique.
   612 | D        | Found Gusen's Book Shop.
   612 | D        | Noticed a slime creature
   612 | D        | Noticed an oklob plant
   613 | D        | Found Hemer's Food Shop.
   613 | D        | Found Coodut's Book Shoppe.
   613 | D        | Found Esasog's Distillery.
   633 | D        | Noticed a redback
   662 | D        | Bought a +3 ring of dexterity for 204 gold pieces
   662 | D        | Bought a +4 ring of intelligence for 351 gold pieces
   669 | D        | Bought a book of Minor Magic for 220 gold pieces
   673 | D        | Learned a level 3 spell: Mephitic Cloud
   676 | D        | Learned a level 2 spell: Slow
   679 | D        | Learned a level 2 spell: Blink
   682 | D        | Learned a level 2 spell: Call Imp
   684 | D        | Learned a level 1 spell: Magic Dart
   731 | D        | Found a snail-covered altar of Cheibriados.
   731 | D        | Found a roughly hewn altar of Beogh.
   732 | D        | Found a shadowy altar of Dithmenos.
   733 | D        | Found a viscous altar of Jiyva.
   734 | D        | Found a white marble altar of Elyvilon.
   734 | D        | Found an ancient bone altar of Kikubaaqudgha.
   735 | D        | Found a hazy altar of Hepliaklqana.
   735 | D        | Found a sacrificial altar of Ru.
   736 | D        | Found a stormy altar of Qazlal.
   737 | D        | Found a blossoming altar of Fedhas.
   737 | D        | Found a corrupted altar of Lugonu.
   737 | D        | Found a deep blue altar of Sif Muna.
   737 | D        | Found an ornate altar of the Wu Jian Council.
   738 | D        | Found an opulent altar of Gozag.
   738 | D        | Found a burning altar of Makhleb.
   738 | D        | Found a bloodstained altar of Trog.
   738 | D        | Found a shimmering altar of Xom.
   738 | D        | Noticed a polar bear
   742 | D        | Found a sparkling altar of Nemelex Xobeh.
   742 | D        | Found a hide-covered altar of Uskayaw.
   743 | D        | Found a basalt altar of Yredelemnul.
   744 | D        | Found an iron altar of Okawaru.
   744 | D        | Found a radiant altar of Vehumet.
   744 | D        | Found a glowing silver altar of Zin.
   744 | D        | Noticed a hornet
   745 | D        | Found a glowing golden altar of the Shining One.
   745 | D        | Noticed a yaktaur
   749 | D        | Became a worshipper of Dithmenos the Shadowed
   803 | D        | Noticed a polar bear
   807 | D        | Killed a polar bear
   807 | D        | Reached skill level 1 in Translocations
   807 | D        | Reached XP level 8. HP: 41/41 MP: 18/22
   811 | D        | Noticed a polar bear
   821 | D        | Killed a polar bear
   821 | D        | Reached skill level 12 in Stealth
   821 | D        | Reached skill level 1 in Summonings
   821 | D        | Reached skill level 1 in Air Magic
   821 | D        | Reached skill level 1 in Poison Magic
   825 | D        | Killed a hornet
   825 | D        | Reached * piety under Dithmenos
   831 | D        | Killed a polar bear
   836 | D        | Killed a yaktaur
   856 | D        | Noticed a death yak
   860 | D        | Noticed a deep elf master archer
   860 | D        | HP: 1/41 [deep elf master archer/arrow (17)]
   864 | D        | Noticed a great orb of eyes
   868 | D        | Killed a great orb of eyes
   868 | D        | Reached ** piety under Dithmenos
   868 | D        | Reached skill level 13 in Stealth
   868 | D        | Reached skill level 10 in Spellcasting
   868 | D        | Reached XP level 9. HP: 23/46 MP: 9/24
  1200 | D        | Noticed an unseen horror
  1201 | D        | Noticed an unseen horror
  1202 | D        | Killed an unseen horror
  1204 | D        | Killed an unseen horror
  1204 | D        | Reached skill level 14 in Stealth
  1204 | D        | Reached skill level 5 in Translocations
  1221 | D        | Noticed a death drake
  1258 | D        | Mangled by a death yak

Vault maps used:
D:        the_violet_keep_of_menkaure

Skill      XL: |  1  2  3  4  5  6  7  8  9 |
---------------+----------------------------+-----
Spellcasting   | 3 4 5 7 9 10 | 10.9
Short Blades   | 2 3 4 6 8 9 |  9.9
Stealth        | 5 6 7 10 11 13 14 | 14.1
Dodging        | 4 5 8 9 10 12 | 12.5
Fighting       | 1 3 4 |  4.8
Armour         | 1 2 3 4 |  4.5
Hexes          | 4 5 6 7 8 |  8.0
Conjurations   | 2 3 4 |  4.0
Ice Magic      | 2 3 4 |  4.4
Translocations | 1 4 5 |  5.1
Summonings     | 2 |  2.9
Air Magic      | 2 3 |  3.1
Poison Magic   | 2 3 |  3.4

Action                   |  1- 3 |  4- 6 |  7- 9 || total
-------------------------+-------+-------+-------++-------
Melee: Dagger            |     6 |     7 |    47 ||    60
 Cast: Ensorcelled Hiber |     4 |     7 |     5 ||    16
       Confuse           |       |     4 |    17 ||    21
       Dazzling Spray    |       |     1 |     4 ||     5
       Blink             |       |       |     1 ||     1
       Mephitic Cloud    |       |       |     2 ||     2
       Call Imp          |       |       |     1 ||     1
  Use: Potion            |     1 |       |     3 ||     4
 Stab: Sleeping          |     6 |     1 |     5 ||    12
       Confused          |       |     2 |    10 ||    12
Armor: Robe              |       |     2 |     3 ||     5
Dodge: Dodged            |     5 |    10 |    25 ||    40

Table legend:
 A = Spawn XP
 B = Non-spawn XP
 C = Spawn XP percentage of total XP
 D = Spawn monster count
 E = Non-spawn monster count
 F = Spawn count percentage of total count
 G = Total turns spent on level
                    A         B        C        D         E        F      G
               +---------+---------+-------+---------+---------+-------+---------
         Total |       0 |    5330 |   0.0 |       0 |      22 |   0.0 |  1258
               +---------+---------+-------+---------+---------+-------+---------
             D |       0 |    5330 |   0.0 |       0 |      22 |   0.0 |  1258
               +---------+---------+-------+---------+---------+-------+---------
